 Dungeon Crawl Stone Soup version 0.17-a0-1596-g1e86911 (webtiles) character file.

178264 Nakatomy the Warrior (level 17, -5/193 HPs)
             Began as a Troll Berserker on July 31, 2015.
             Was the Champion of Trog.
             Shot with a bolt by a yaktaur captain (16 damage)
             ... on level 15 of the Dungeon.
             The game lasted 04:37:17 (38106 turns).

Nakatomy the Warrior (Troll Berserker)             Turns: 38106, Time: 04:37:19

Health: -5/193     AC: 21    Str: 33      XL:     17   Next: 57%
Magic:  16/16      EV:  4    Int:  4 (5)  God:    Trog [******]
Gold:   3134       SH:  0    Dex:  9      Spells: 0 memorised, 16 levels left

rFire  . . .     SeeInvis .       - Unarmed
rCold  + + .     Rnd*Rage +     N - +2 ice dragon armour
rNeg   + + +     SustAt   .     (no shield)
rPois  .         Gourm    +     W - +0 hat of the Earth {rF+ Slay+3}
rElec  +         Spirit   .     M - +2 cloak {MR+}
rCorr  +         Warding  .     (gloves unavailable)
rMut   .         NoTele   +     (boots unavailable)
MR     ++...                    R - amulet "Hiutt" {rCorr -Tele rElec rN+++ Int-3}
Stlth  ..........               Z - +5 ring of slaying
                                v - +4 ring of intelligence

@: lethally poisoned (-5 -> -47), very resistant to hostile enchantments,
extremely unstealthy
A: unfitting armour, claws 3, berserk 1, fast metabolism 3, gourmand,
regeneration 2, shaggy fur 1, tough skin 2
a: Burn Spellbooks, Berserk, Trog's Hand, Brothers in Arms, Renounce Religion


You were on level 15 of the Dungeon.
You worshipped Trog.
Trog was exalted by your worship.
You were not hungry.

You visited 4 branches of the dungeon, and saw 30 of its levels.
You also visited: Bailey.

You collected 3874 gold pieces.
You spent 740 gold pieces at shops.

Inventory:

Hand weapons
 j - the cursed +0 mace of Quptarux {vamp, rN+, unknown}
   (You found it on level 3 of the Elven Halls)

   It inflicts no extra harm, but heals its wielder somewhat when it strikes a
   living foe.
   It protects you from negative energy.
   It has a curse placed upon it.
 k - the +8 giant spiked club of Trog's Envy {antimagic, *Contam +Blink +Fly rElec}
   (Trog gifted it to you on level 3 of the Elven Halls)

   It disrupts the flow of magical energy around spellcasters and certain
   magical creatures (including the wielder).
   It insulates you from electricity.
   It lets you fly.
   It lets you blink.
   It causes magical contamination when unequipped.
 r - a +0 giant spiked club
 K - the +6 giant spiked club of Ethics {antimagic, rElec rF+ rN+}
   (Trog gifted it to you on level 4 of the Orcish Mines)

   It disrupts the flow of magical energy around spellcasters and certain
   magical creatures (including the wielder).
   It protects you from fire.
   It insulates you from electricity.
   It protects you from negative energy.
 X - the +9 double sword "Bimm" {vamp, rC+ MR+}
   (Trog gifted it to you on level 3 of the Elven Halls)

   It inflicts no extra harm, but heals its wielder somewhat when it strikes a
   living foe.
   It protects you from cold.
   It affects your resistance to hostile enchantments.
Missiles
 y - 14 large rocks (quivered)
Armour
 G - the +1 robe of Ulael {rF++ Regen+ Str+2}
   (You found it on level 7 of the Dungeon)

   It affects your strength (+2).
   It greatly protects you from fire.
   It increases your rate of regeneration.
 M - a +2 cloak of magic resistance (worn)
 N - a +2 ice dragon armour (worn)
 T - a +2 hat of magic resistance
 V - the -1 hat of Filth {rPois rC+ Int+4}
   (You found it on level 9 of the Dungeon)

   It affects your intelligence (+4).
   It protects you from cold.
   It protects you from poison.
 W - the +0 hat of the Earth (worn) {rF+ Slay+3}
   (You found it on level 9 of the Dungeon)

   It affects your accuracy and damage with ranged weapons and melee attacks
   (+3).
   It protects you from fire.
Jewellery
 g - an uncursed amulet of resist mutation {unknown}
 m - an uncursed ring of sustain attributes
 s - an uncursed ring of stealth
 t - an uncursed amulet of regeneration {unknown}
 v - a +4 ring of intelligence (left claw)
 A - an uncursed ring of flight
 L - a +4 ring of slaying
 R - the amulet "Hiutt" (around neck) {rCorr -Tele rElec rN+++ Int-3}
   (You bought it in a shop on level 2 of the Elven Halls)

   [amulet of resist corrosion]

   It protects you from acid and corrosion.
   It affects your intelligence (-3).
   It insulates you from electricity.
   It renders you almost immune to negative energy.
   It prevents most forms of teleportation.
 Z - a +5 ring of slaying (right claw)
Magical devices
 a - a wand of digging (5)
 l - a wand of random effects (26)
 B - a wand of hasting (4)
 D - a wand of slowing (17)
 I - a wand of frost (24)
Scrolls
 d - 8 scrolls of remove curse
 e - a scroll of fear {unknown}
 f - 9 scrolls of teleportation
 i - 14 scrolls of identify
 n - 9 scrolls of blinking
 w - 2 scrolls of fog
 P - a scroll of magic mapping
Potions
 h - 16 potions of curing
 o - a potion of berserk rage
 p - a potion of flight
 u - 8 potions of heal wounds
 x - 2 potions of haste
 C - a potion of invisibility
Miscellaneous
 z - a phantom mirror
Comestibles
 b - 16 bread rations
 c - 9 meat rations
 q - 2 beef jerkies


   Skills:
 - Level 17.8 Fighting
 + Level 10.7 Maces & Flails
 - Level 9.8 Armour
 - Level 2.4 Dodging
   Level 0.8 Shields
 - Level 17.1 Unarmed Combat


You had 16 spell levels left.
You didn't know any spells.

Dungeon Overview and Level Annotations

Branches:
Dungeon (15/15)            Temple (0/1) D:6            Lair (8/8) D:9
  Swamp (0/4) Lair:4        Snake (0/4) Lair:5        Slime (0/6) Lair:6
    Orc (4/4) D:12            Elf (3/3) Orc:3        Vaults (0/5) D:14
 Depths (0/5) D:15

Altars:
Elyvilon
Kikubaaqudgha
Makhleb
Nemelex Xobeh
Okawaru
Ru
Sif Muna
Vehumet
Xom
Yredelemnul
Zin
The Shining One
Beogh
Jiyva

Shops:
Orc:4 ([*?   Elf:2 (%[=

Portals:
Trove: D:12 (give +3 gold dragon armour)

Annotations:
D:2 1 runed door
D:15 exclusion: Roxanne, Roxanne


Innate Abilities, Weirdness & Mutations

You are too large for most types of armour.
You have claws for hands.
Your metabolism is lightning-fast.
You like to eat raw meat.
You heal very quickly.
You are covered in fur (AC +1).
You have very tough skin (AC +2).
You tend to lose your temper in combat.


Message History

You are more poisoned.
You see here a poisoned arrow.
You feel sick.
You feel very sick.
The centaur warrior shoots a poisoned arrow.
The poisoned arrow hits you!
* * * LOW HITPOINT WARNING * * *
You are lethally poisoned!
You see here a poisoned arrow.
* * * LOW HITPOINT WARNING * * *
You feel very sick.
There is a stone staircase leading up here.
* * * LOW HITPOINT WARNING * * *
You feel very sick.
The centaur warrior shoots a poisoned arrow.
The poisoned arrow hits you!
* * * LOW HITPOINT WARNING * * *
You are more poisoned.
The yaktaur captain shoots a bolt.
The bolt hits you!
You die...

########### ###.## ......≈≈#
##!#.## + #≈≈≈#c≈# #+#
##.###.#
...#c...c.######.##### #.##
##. .>c'..≈##(((.........#
##.###.# #c..((.#..........#
#..#.## #≈≈≈#.≈##(##...##.#
#.#.##
........≈≈##..(....#.# #.###
############..#@..##.#####.#
#.######..##...........#
#........†######.#######
########.........#
###########


You could see a yaktaur captain and a centaur warrior.

Vanquished Creatures
  Saint Roka (Orc:4)
  Nikola (Elf:1)
  A deep elf blademaster (Elf:3)
  A deep elf master archer (Elf:3)
  Wiglaf (Elf:3)
  Donald (Orc:4)
  8 deep elf sorcerers (Elf:3)
  Maud (Lair:5)
  Louise (Elf:3)
  An orc warlord (Orc:4)
  4 deep elf demonologists (Elf:3)
  12 deep elf annihilators (Elf:3)
  Snorg (Lair:4)
  3 deep elf death magi (Elf:3)
  Josephine (Orc:4)
  3 deep elf high priests
  An ice dragon (D:9)
  9 hydras
  The ghost of androgeny the Blocker, a powerful FoFi of Okawaru (D:11)
  4 centaur warriors
  14 dancing weapons (Elf:2)
  2 tengu warriors (D:14)
  An orc high priest (Orc:4)
  A queen ant (Lair:4)
  Urug (D:11)
  A small abomination (Elf:1)
  A fire crab (shapeshifter) (D:15)
  21 deep elf knights
  A shadow wraith (D:14)
  3 skeletal warriors (D:14)
  An unseen horror (D:15)
  14 deep elf summoners
  A lindwurm (D:14)
  7 hill giants
  An orc knight (Orc:3)
  17 deep elf conjurers
  A griffon (D:13)
  An orc sorcerer (Orc:4)
  A salamander (shapeshifter) (Elf:1)
  2 cyclopes
  10 ugly things
  The ghost of Monkaria the Nimble, an experienced FeBe of Trog (D:9)
  2 manticores (D:15)
  11 black mambas
  7 elephants
  19 spiny frogs
  Psyche (D:11)
  A gargoyle (D:13)
  5 komodo dragons
  A yaktaur (D:15)
  A yaktaur (shapeshifter) (D:14)
  2 fire drakes
  17 deep elf priests
  2 trolls
  A freezing wraith (D:14)
  3 giant leeches
  2 two-headed ogres
  2 polar bears
  A wind drake (shapeshifter) (D:15)
  7 slime creatures
  Prince Ribbit (D:8)
  2 boulder beetles
  15 blink frogs
  A centaur simulacrum (D:15)
  A spriggan (Lair:6)
  A vampire (D:14)
  2 trapdoor spiders
  A shadow (D:14)
  A human (D:8)
  2 water elementals (D:14)
  25 deep elf magi
  3 wraiths (Orc:4)
  48 yaks
  6 hippogriffs
  Grum (D:11)
  A wyvern (Lair:7)
  12 soldier ants (Lair:4)
  3 mottled dragons
  7 wargs
  6 hungry ghosts
  3 basilisks
  9 vampire mosquitoes
  20 wolves
  31 deep elf fighters
  A swamp drake (D:9)
  37 orc warriors
  8 porcupines
  5 ice beasts
  24 water moccasins
  4 black bears
  6 centaurs
  14 ogres
  5 phantoms
  2 sky beasts
  2 eyes of draining
  2 necrophages
  21 giant frogs
  24 crocodiles
  A brain worm (D:15)
  A big kobold (D:10)
  6 killer bees (D:13)
  4 scorpions
  5 wights (D:15)
  4 electric eels
  7 crimson imps
  An iron imp (D:9)
  11 hounds
  6 jellies
  3 centaur zombies
  A human zombie (D:2)
  3 quasits
  2 giant frog skeletons (D:7)
  27 worker ants
  27 orc priests
  39 orc wizards
  7 centaur skeletons
  7 iguanas
  17 sheep
  2 hound skeletons (D:6)
  Robin (D:3)
  80 river rats
  15 adders
  2 gnolls (D:4)
  3 shadow imps
  A white imp (D:9)
  An adder zombie (D:7)
  6 oozes
  3 adder skeletons
  4 worms
  7 giant geckos
  216 orcs
  6 bats
  4 giant cockroaches
  16 goblins
  11 hobgoblins
  11 jackals
  3 ball pythons
  A giant gecko zombie (D:7)
  9 giant newts
  A jackal skeleton (D:6)
  5 kobolds
  3 quokkas
  A quokka skeleton (D:4)
  13 rats
  A butterfly (Lair:6)
  A crawling corpse (Elf:1)
  13 fungi
  10 plants
1230 creatures vanquished.

Vanquished Creatures (others)
  A deep elf knight (Elf:3)
  A deep elf fighter (Elf:2)
  A quokka skeleton (D:8)
  A bush (Lair:6)
  16 fungi
  18 plants
38 creatures vanquished.

Grand Total: 1268 creatures vanquished

Notes
Turn   | Place    | Note
--------------------------------------------------------------
     0 | D:1      | Nakatomy the Troll Berserker began the quest for the Orb.
     0 | D:1      | Reached XP level 1. HP: 22/22 MP: 0/0
   183 | D:1      | Reached XP level 2. HP: 25/29 MP: 1/1
   352 | D:1      | Reached skill level 4 in Unarmed Combat
   389 | D:1      | Acquired Trog's second power
   389 | D:1      | Reached XP level 3. HP: 31/36 MP: 2/2
   987 | D:2      | Found a faded altar to an unknown god.
  1267 | D:2      | Found a runed door.
  1267 | D:2      | Noticed a human
  1268 | D:2      | Reached XP level 4. HP: 44/44 MP: 3/3
  1299 | D:2      | Reached skill level 5 in Unarmed Combat
  1355 | D:2      | Found a basalt altar of Yredelemnul.
  1841 | D:3      | Found a shimmering altar of Xom.
  1841 | D:3      | Found a shimmering altar of Xom.
  1841 | D:3      | Found a shimmering altar of Xom.
  1951 | D:3      | Noticed Robin
  1971 | D:3      | Killed Robin
  1971 | D:3      | Reached XP level 5. HP: 48/50 MP: 4/4
  2154 | D:3      | Found a shimmering altar of Xom.
  2170 | D:3      | Found a glowing golden altar of the Shining One.
  2262 | D:3      | Found a shimmering altar of Xom.
  2372 | D:3      | Reached skill level 6 in Unarmed Combat
  2494 | D:4      | Noticed a phantom
  2537 | D:4      | Killed a phantom
  2537 | D:4      | Reached XP level 6. HP: 29/59 MP: 5/5
  2701 | D:4      | Reached skill level 7 in Unarmed Combat
  2830 | D:4      | Noticed an ogre
  2834 | D:4      | Killed an ogre
  2947 | D:4      | Noticed an ogre
  2952 | D:4      | Killed an ogre
  2952 | D:4      | Reached skill level 8 in Unarmed Combat
  2952 | D:4      | Reached XP level 7. HP: 66/66 MP: 6/6
  3065 | D:4      | Found a burning altar of Makhleb.
  3474 | D:5      | Entered Level 5 of the Dungeon
  3474 | D:5      | Found a radiant altar of Vehumet.
  3528 | D:5      | Acquired Trog's third power
  3609 | D:5      | Reached skill level 9 in Unarmed Combat
  3799 | D:5      | Found a sacrificial altar of Ru.
  3804 | D:5      | Found an iron altar of Okawaru.
  3941 | D:5      | Reached XP level 8. HP: 47/75 MP: 7/7
  5048 | D:6      | Reached skill level 10 in Unarmed Combat
  5304 | D:6      | Found a sparkling altar of Nemelex Xobeh.
  5309 | D:6      | Found an ancient bone altar of Kikubaaqudgha.
  5946 | D:6      | Found a staircase to the Ecumenical Temple.
  5972 | D:6      | Reached skill level 11 in Unarmed Combat
  6161 | D:6      | Reached XP level 9. HP: 81/85 MP: 8/8
  7041 | D:7      | Got a heavily jewelled robe
  7054 | D:7      | Identified the +1 robe of Ulael {rF++ Regen+ Str+2} (You found it on level 7 of the Dungeon)
  7448 | D:7      | Found a burning altar of Makhleb.
  7448 | D:7      | Found a glowing silver altar of Zin.
  7449 | D:7      | Noticed an angel
  7449 | D:7      | Noticed a cacodemon
  7529 | D:7      | Found a white marble altar of Elyvilon.
  8116 | D:8      | Noticed Prince Ribbit
  8260 | D:8      | Reached skill level 5 in Fighting
  8436 | D:8      | Reached skill level 12 in Unarmed Combat
  8504 | D:8      | Found a flagged portal.
  8511 | Bailey   | Entered a bailey
  8819 | Bailey   | Noticed an orc knight
  9256 | D:8      | Killed Prince Ribbit
  9399 | D:8      | Reached XP level 10. HP: 95/100 MP: 9/9
  9776 | D:9      | Received a gift from Trog
  9932 | D:9      | Got a jewelled hat
  9932 | D:9      | Got a scorched hat
  9994 | D:9      | Identified the -1 hat of Filth {rPois rC+ Int+4} (You found it on level 9 of the Dungeon)
 10004 | D:9      | Identified the +0 hat of the Earth {rF+ Slay+3} (You found it on level 9 of the Dungeon)
 10135 | D:9      | Noticed Monkaria's ghost (experienced FeBe)
 10146 | D:9      | Killed Monkaria's ghost
 10216 | D:9      | Noticed an ice dragon
 10227 | D:9      | Killed an ice dragon
 10345 | D:9      | Got a shimmering emerald amulet
 10346 | D:9      | Identified the amulet "Voos" {Spirit Slay+2 Stlth+} (You found it on level 9 of the Dungeon)
 10424 | D:9      | Found a staircase to the Lair.
 10513 | D:9      | Reached skill level 13 in Unarmed Combat
 10673 | D:9      | Reached skill level 1 in Maces & Flails
 11007 | Lair:1   | Entered Level 1 of the Lair of Beasts
 11084 | Lair:1   | Noticed a black mamba
 11091 | Lair:1   | Killed a black mamba
 11735 | Lair:2   | Reached XP level 11. HP: 97/113 MP: 8/10
 12031 | Lair:2   | Received a gift from Trog
 12591 | Lair:3   | Reached skill level 1 in Armour
 12672 | Lair:3   | Reached skill level 14 in Unarmed Combat
 12792 | Lair:3   | Noticed a six-headed hydra
 12805 | Lair:3   | Killed a six-headed hydra
 13706 | Lair:4   | Reached skill level 10 in Fighting
 13911 | Lair:4   | Reached XP level 12. HP: 112/126 MP: 8/11
 13978 | Lair:4   | Found a staircase to the Swamp.
 14094 | Lair:4   | Received a gift from Trog
 14114 | Lair:4   | Noticed a queen ant
 14121 | Lair:4   | Killed a queen ant
 14300 | Lair:4   | Noticed Snorg
 14308 | Lair:4   | Killed Snorg
 15069 | Lair:5   | Noticed a five-headed hydra
 15082 | Lair:5   | Killed a ten-headed hydra
 15210 | Lair:5   | Found a staircase to the Snake Pit.
 15221 | Lair:5   | Received a gift from Trog
 15228 | Lair:5   | Reached skill level 15 in Unarmed Combat
 15232 | Lair:5   | Reached skill level 5 in Armour
 15536 | Lair:5   | Noticed a seven-headed hydra
 15548 | Lair:5   | Killed a seven-headed hydra
 15689 | Lair:5   | Reached XP level 13. HP: 99/139 MP: 3/12
 15918 | Lair:5   | Noticed Maud
 15937 | Lair:5   | Killed Maud
 16388 | Lair:6   | Received a gift from Trog
 16860 | Lair:6   | Found a runed door.
 16864 | Lair:6   | Found a viscous altar of Jiyva.
 16864 | Lair:6   | Found a staircase to the Slime Pits.
 18426 | Lair:8   | Entered Level 8 of the Lair of Beasts
 18674 | Lair:8   | Received a gift from Trog
 19219 | Lair:8   | Reached XP level 14. HP: 115/153 MP: 11/13
 20162 | Lair:6   | Reached skill level 16 in Unarmed Combat
 20450 | D:10     | Entered Level 10 of the Dungeon
 21659 | D:11     | Noticed Urug
 21671 | D:11     | Killed Urug
 21738 | D:11     | Noticed androgeny's ghost (powerful FoFi)
 21746 | D:11     | Killed androgeny's ghost
 21900 | D:11     | Noticed Psyche
 21924 | D:11     | Killed Psyche
 22203 | D:11     | Noticed Grum
 22211 | D:11     | Killed Grum
 22542 | D:12     | Found a staircase to the Orcish Mines.
 22566 | D:12     | Received a gift from Trog
 22683 | Orc:1    | Entered Level 1 of the Orcish Mines
 22683 | Orc:1    | Found an iron altar of Okawaru.
 23051 | Orc:2    | Found a roughly hewn altar of Beogh.
 23083 | Orc:2    | Received a gift from Trog
 23767 | Orc:3    | Found a roughly hewn altar of Beogh.
 24111 | Orc:3    | Found a staircase to the Elven Halls.
 24323 | Orc:4    | Entered Level 4 of the Orcish Mines
 24326 | Orc:4    | Noticed Saint Roka
 24405 | Orc:4    | Noticed Donald
 24414 | Orc:4    | Killed Donald
 24652 | Orc:4    | Found a roughly hewn altar of Beogh.
 25035 | Orc:4    | Killed Saint Roka
 25292 | Orc:4    | Noticed an orc warlord
 25316 | Orc:4    | Killed an orc warlord
 25394 | Orc:4    | Received a gift from Trog
 25462 | Orc:4    | Got an encrusted giant spiked club {god gift}
 25463 | Orc:4    | Identified the +6 giant spiked club of Ethics {antimagic, rElec rF+ rN+} (Trog gifted it to you on level 4 of the Orcish Mines)
 25473 | Orc:4    | Found Gedet's Antique Armour Emporium.
 25474 | Orc:4    | Found a roughly hewn altar of Beogh.
 25482 | Orc:4    | Found Sirinitt's Antique Weapon Shoppe.
 25563 | Orc:4    | Bought a glowing cloak for 94 gold pieces
 25695 | Orc:4    | Found a roughly hewn altar of Beogh.
 25696 | Orc:4    | Noticed Josephine
 25701 | Orc:4    | Killed Josephine
 25728 | Orc:4    | Found Suwkexto's Magic Scroll Shop.
 25907 | Elf:1    | Entered Level 1 of the Elven Halls
 25982 | Orc:4    | Found a roughly hewn altar of Beogh.
 26006 | Orc:4    | Found Penaelis's Assorted Antiques.
 26093 | Orc:3    | Received a gift from Trog
 26251 | Elf:1    | Reached XP level 15. HP: 165/165 MP: 10/14
 26571 | Elf:1    | Noticed Nikola
 26591 | Elf:1    | Killed Nikola
 26770 | Elf:1    | Reached skill level 5 in Maces & Flails
 26998 | Elf:1    | Received a gift from Trog
 27772 | Elf:2    | Reached skill level 15 in Fighting
 27816 | Elf:2    | Reached skill level 17 in Unarmed Combat
 28159 | Elf:2    | Found a deep blue altar of Sif Muna.
 28299 | Elf:2    | Received a gift from Trog
 28515 | Elf:2    | Found Repab's Jewellery Emporium.
 28581 | Elf:2    | Bought the amulet "Hiutt" {rCorr -Tele rElec rN+++ Int-3} for 646 gold pieces
 28631 | Elf:2    | Found a runed gate.
 28631 | Elf:2    | Found a runed gate.
 28631 | Elf:2    | Found a runed gate.
 28747 | Elf:2    | Found Dymao's Food Emporium.
 28755 | Elf:2    | Found Qoratwoa's Food Shop.
 28886 | Elf:2    | Found Foda Nifymall's Weapon Shoppe.
 29056 | Elf:2    | Found Mare's Antique Armour Emporium.
 29588 | Elf:2    | Reached XP level 16. HP: 121/176 MP: 15/15
 30092 | Elf:3    | Entered Level 3 of the Elven Halls
 30334 | Elf:3    | Received a gift from Trog
 30342 | Elf:3    | Noticed a deep elf blademaster
 30345 | Elf:3    | Killed a deep elf blademaster
 30387 | Elf:3    | Got a shimmering double sword {god gift}
 30498 | Elf:3    | Noticed Louise
 30504 | Elf:3    | Killed Louise
 30634 | Elf:3    | Noticed Wiglaf
 30649 | Elf:3    | Killed Wiglaf
 30854 | Elf:3    | Noticed a deep elf master archer
 30861 | Elf:3    | Killed a deep elf master archer
 30989 | Elf:2    | Identified the +9 double sword "Bimm" {vamp, rC+ MR+} (Trog gifted it to you on level 3 of the Elven Halls)
 32200 | Elf:3    | Received a gift from Trog
 32214 | Elf:3    | Lost intelligence.
 33545 | Elf:3    | Got a brightly glowing mace
 33575 | Elf:3    | Received a gift from Trog
 33584 | Elf:3    | Reached XP level 17. HP: 91/191 MP: 16/16
 33709 | Elf:3    | Got an iridescent giant spiked club {god gift}
 33920 | Elf:3    | Identified the Collected Works on Execration
 34265 | D:11     | Identified the +8 giant spiked club of Trog's Envy {antimagic, *Contam +Blink +Fly rElec} (Trog gifted it to you on level 3 of the Elven Halls)
 34293 | D:11     | Gained mutation: You tend to lose your temper in combat. [mutagenic glow]
 35073 | D:12     | Found a portal to a secret trove of treasure.
 35250 | D:12     | Received a gift from Trog
 36090 | D:14     | Reached skill level 10 in Maces & Flails
 36380 | D:14     | Found a shimmering altar of Xom.
 36538 | D:14     | Found a gate to the Vaults.
 36812 | D:15     | Entered Level 15 of the Dungeon
 37191 | D:15     | Lost intelligence.
 37399 | D:15     | Received a gift from Trog
 37642 | D:15     | Noticed Roxanne
 38093 | D:15     | Found a staircase to the Depths.
 38106 | D:15     | Shot with a bolt by a yaktaur captain

Vault maps used:
D:1:      eino_arrival_cavern_d, st_stairs_13
D:2:      ecumenical_altar_1, dk_yredelemnul_ordeal
D:3:      nicolae_tso_swordbearing_angel, xom_redecorated, uniq_robin
D:4:      wad_woods_tower, makhleb_blood_cavern_becter
D:5:      minitemple, first_bread, st_stairs_3, vehumet_altar_wand_db
D:6:      nicolae_overflow_hidden_temple, temple_doors_a
D:7:      grunt_temple_overflow_order_and_chaos_2, lemuel_coloured_pillars_altar
D:8:      enter_bailey_3, grunt_pizzeria, uniq_prince_ribbit1
D:9:      dragon1_lemuel, lair_0_dummy, hangedman_minor_magic
D:11:     uniq_grum, uniq_psyche, uniq_urug
D:12:     hiddenorc2_lemuel, enter_trove_2
D:14:     david_vaults_4, basic_altar, dk_noncrumbling_3, water_boxes_lemuel
D:15:     grunt_enter_depths_snipers, uniq_roxanne
Lair:1:   st_stairs_5, minivault_11
Lair:3:   beast_lair_carwin_3, lemuel_fruit_fields
Lair:4:   minmay_swamp_entry_worms, st_stairs_10, minmay_another_anthill,
          serial_bayou_shore_b, lemuel_fruit_fields, infiniplex_staircase_pool,
          uniq_snorg
Lair:5:   minmay_snake_entry_six_corridors, beast_lair_carwin_1, uniq_maud
Lair:6:   slime_altar_2, st_stairs_7, grunt_forest_stairs_clearing
Lair:7:   serial_bayou_pond_d, serial_bayou_shore_a, grunt_megastairs_3
Lair:8:   minmay_lair_end_frog_pond, serial_bayou_lagoon_a, minivault_19,
          lookout_lair_type, serial_bayou_shore_b
Orc:1:    okawaru_metal_pillars_1_2
Orc:2:    basic_altar
Orc:3:    basic_altar, nicolae_orc_pool_cavern
Orc:4:    grunt_orc_community_town_hall, grunt_orc_community_big_house_1,
          grunt_orc_community_big_house_2, grunt_orc_community_house_3,
          grunt_orc_community_house_1, grunt_orc_community_house_1,
          grunt_orc_community_house_1, uniq_josephine, uniq_saint_roka,
          uniq_donald
Elf:1:    eino_elf_arrival_customs, minivault_28, uniq_nikola
Elf:2:    basic_altar, serial_shops, nicolae_shop_waterfront, shop,
          nicolae_shop_behind_doors, shop, nicolae_shop_statue_plus,
          amethyst_killhole
Elf:3:    minmay_elf_hall_dome, uniq_louise, uniq_wiglaf
Bailey:   bailey_polearm_1, bailey

Action                   |  1- 3 |  4- 6 |  7- 9 | 10-12 | 13-15 | 16-18 || total
-------------------------+-------+-------+-------+-------+-------+-------++-------
Melee: Unarmed           |   102 |   135 |   377 |   465 |  1203 |   561 ||  2843
       Giant club        |       |       |       |     7 |       |       ||     7
       Dire flail        |       |       |       |     7 |       |       ||     7
       Double sword      |       |       |       |       |       |    12 ||    12
Throw: Large rock        |       |       |       |       |       |     3 ||     3
Invok: Berserk           |       |     4 |     7 |     8 |     8 |     5 ||    32
       Burn Spellbooks   |       |       |       |     1 |     2 |     5 ||     8
       Brothers in Arms  |       |       |       |       |       |     1 ||     1
 Abil: Evoke Flight      |       |       |       |       |       |     3 ||     3
  Use: Scroll            |     1 |     2 |     8 |     6 |     2 |    13 ||    32
       Potion            |       |       |       |       |       |     1 ||     1
 Stab: Sleeping          |       |       |     1 |       |       |       ||     1
  Eat: Chunk             |    17 |    18 |    65 |    65 |   130 |    69 ||   364
       Meat ration       |       |       |     1 |       |       |       ||     1
       Bread ration      |       |       |       |       |     1 |     2 ||     3
       Fruit             |       |       |       |       |       |     7 ||     7
       Pizza             |       |       |       |       |       |     1 ||     1
